 Dungeon Crawl Stone Soup version 0.29.1-1-gd02db6906a (webtiles) character file.

Game seed: 324820655363559981

6715 mcbry74 the Cleaver (level 10, -8/86 HPs)
             Began as a Minotaur Berserker on Sept 30, 2022.
             Was a High Priest of Trog.
             Mangled by Maurice
             ... wielding a +0 whip
              (15 damage)
             ... on level 9 of the Dungeon.
             The game lasted 00:42:30 (10894 turns).

mcbry74 the Cleaver (Minotaur Berserker)           Turns: 10894, Time: 00:42:31

Health: -8/86      AC: 16    Str: 23    XL:     10   Next: 74%
Magic:  9/9        EV:  8    Int:  6    God:    Trog [*****.]
Gold:   0          SH:  0    Dex: 11    Spells: 9/9 levels left

rFire   . . .      SeeInvis .   b - +5 executioner's axe "Goblinslayer" {flame, rPois rCorr}
rCold   . . .      Faith    .   (shield currently unavailable)
rNeg    . . .      Spirit   .   M - +1 plate armour
rPois   +          Reflect  .   (helmet restricted)
rElec   .          Harm     .   v - +0 cloak
rCorr   +          Rampage  .   x - +0 pair of gloves
Will    .....                   (no boots)
Stlth   ..........              m - amulet of the acrobat
HPRegen 0.24/turn               (no ring)
MPRegen 0.11/turn               (no ring)

@: no status effects
A: horns 2, retaliatory headbutt
a: Renounce Religion, Berserk, Trog's Hand, Brothers in Arms


You were on level 9 of the Dungeon.
You worshipped Trog.
Trog was extremely pleased with you.
You visited 1 branch of the dungeon, and saw 9 of its levels.
You also visited: Bailey.

Inventory:

Hand Weapons
 a - a +0 spectral broad axe
 b - the +5 executioner's axe "Goblinslayer" (weapon) {flame, rPois rCorr}
   (You acquired it on level 9 of the Dungeon)

   It burns those it strikes, dealing additional fire damage.
   Big, fiery blades are also staple armaments of hydra-hunters.
   rPois:     It protects you from poison.
   rCorr:     It protects you from acid and corrosion.
 d - a +2 dagger of electrocution
 q - a +1 hand axe of flaming
 A - a +0 battleaxe
 N - a +2 shortbow of freezing
 Q - a +4 dire flail
Missiles
 o - 23 boomerangs (quivered)
 t - 63 poisoned darts
 y - 2 throwing nets
 z - 4 javelins
 H - 2 curare-tipped darts
Armour
 v - a +0 cloak (worn)
 x - a +0 pair of gloves (worn)
 B - an orb of mayhem
 M - a +1 plate armour (worn)
Jewellery
 j - a ring of flight
 m - an amulet of the acrobat (around neck)
 R - a ring of resist corrosion
Wands
 F - a wand of flame (31)
 O - a wand of paralysis (6)
 U - a wand of polymorph (5)
Scrolls
 c - a scroll of torment
 f - 5 scrolls of vulnerability
 g - a scroll of amnesia
 i - a scroll of butterflies
 l - a scroll of brand weapon
 n - a scroll of fear
 u - 8 scrolls of teleportation
 E - a scroll of magic mapping
 P - a scroll of silence
 X - a scroll of identify
Potions
 e - 6 potions of might {unknown}
 h - 2 potions of brilliance {unknown}
 k - 6 potions of heal wounds {unknown}
 p - 4 potions of degeneration {unknown}
 r - 6 potions of curing {unknown}
 s - 4 potions of magic {unknown}
 C - 3 potions of flight {unknown}
 D - 3 potions of invisibility {unknown}
 G - 2 potions of attraction {unknown}
 K - 3 potions of ambrosia {unknown}
 L - 2 potions of resistance
 S - 2 potions of mutation {unknown}
 T - a potion of haste {unknown}
 W - a potion of lignification {unknown}


   Skills:
 + Level 7.4 Fighting
 * Level 13.2 Axes
 + Level 6.7 Throwing
 + Level 6.7 Armour
 + Level 6.5 Dodging
 + Level 3.9 Evocations


You had 9 spell levels left.
You didn't know any spells.
Your spell library contained the following spells:

 Spells                   Type           Power      Damage    Failure   Level
 Foxfire                  Conj/Fire      0%         2x1d4     100%        1
 Magic Dart               Conj           0%         1d3       100%        1
 Blink                    Tloc           0%         N/A       100%        2
 Call Imp                 Summ           0%         N/A       100%        2
 Static Discharge         Conj/Air       0%         3-3/arc   100%        2
 Conjure Flame            Conj/Fire      0%         6-21      100%        3
 Dazzling Flash           Conj/Hex       0%         N/A       100%        3
 Inner Flame              Hex/Fire       0%         N/A       100%        3
 Lesser Beckoning         Tloc           0%         N/A       100%        3
 Mephitic Cloud           Conj/Pois/Air  0%         N/A       100%        3
 Ozocubu's Armour         Ice            0%         N/A       100%        3
 Dispel Undead            Necr           0%         3d6       100%        4
 Flame Wave               Conj/Fire      0%         2d4       100%        4
 Iskenderun's Mystic Bla  Conj/Tloc      0%         2d3       100%        4
 Sticky Flame             Conj/Fire      0%         2d3       100%        4
 Manifold Assault         Tloc           0%         N/A       100%        5
 Metabolic Englaciation   Hex/Ice        0%         N/A       100%        5
 Simulacrum               Ice/Necr       0%         N/A       100%        6
 Starburst                Conj/Fire      0%         6d3       100%        6


Dungeon Overview and Level Annotations

Branches:
Dungeon (9/15)             Temple (0/1) D:6            Lair (0/5) D:8
 Bailey (visited)
    Orc: D:9-12

Altars:
Cheibriados
Fedhas
Makhleb
Okawaru
Trog
Uskayaw

Shops:
D:7 **(   D:9 [

Annotations:
D:8 2 transporters, exclusion: ice statue, Aryth's ghost, novice TrGl
D:9 Maurice


Innate Abilities, Weirdness & Mutations

You have a pair of horns on your head.
You reflexively headbutt those who attack you in melee.


Message History

You hear a zap.
A bolt of dispelling energy appears from out of thin air!
The bolt of dispelling energy misses you.
You hear a zap.
A bolt of dispelling energy appears from out of thin air!
The bolt of dispelling energy hits you!
You hear some strange, mumbled words.
You hear a zap.
A bolt of dispelling energy appears from out of thin air!
The bolt of dispelling energy misses you.
Something hits you.
Something steals 406 gold pieces!
You now have 0 gold pieces.
You hear a zap.
A bolt of dispelling energy appears from out of thin air!
The bolt of dispelling energy hits you.
* * * LOW HITPOINT WARNING * * *
Something blocks your attack.
You hear a zap.
A bolt of dispelling energy appears from out of thin air!
The bolt of dispelling energy misses you.
The now-empty wand crumbles to dust.
You hear some strange, mumbled words.
Something hits you but does no damage.
A stone appears from out of thin air!
The stone hits you but does no damage.
You hear some strange, mumbled words. x2
You barely miss something. Something blocks your attack.
Something completely misses you.
You barely miss something. Something hits you!
* * * LOW HITPOINT WARNING * * *
Something steals your wand of mindburst (20)!
Something hits you.
* * * LOW HITPOINT WARNING * * *
Something mutters, "Now where did you hide it?"
Something blocks your attack. Something hits you.
* * * LOW HITPOINT WARNING * * *
Something groans, "What are you, a monk?"
Something hits you but does no damage. Something blocks your attack.
Something completely misses you. Something hits you!
You die...

#####.......#.##.....##..#...#
# #..##.....##.....##....~.# #
#.<##............##......# #
#.###....###.....##...~~.#
#####.{....### #.....###.~~~.#
.....)####.# ####### #.....#
####### #.####### ##...## ####
#.....{.# ########.# ...#
#######@# #........# ##.# #.#
#.######## ##.# #.# #.# #.#
#.###.# ##.##### #.....#
.......# ####### ##.##.)###
##.....<.# ....#..#.#


There were no monsters in sight!

Vanquished Creatures
  Erolcha (D:9)
  Amaemon (D:9)
  Pikel (D:5)
  An orange demon (D:8)
  Maggie (D:9)
  A troll (D:7)
  Grinder (D:3)
  Sigmund (D:3)
  Eustachio (D:5)
  Grum (D:9)
  A steam dragon (D:8)
  A water moccasin (D:8)
  Duvessa (D:6)
  An orc warrior (Bailey)
  3 sky beasts (D:7)
  An ice beast (D:8)
  A black bear (D:4)
  3 wolves (D:9)
  A centaur (D:5)
  An ogre (D:3)
  3 lemures (D:5)
  7 kobold brigands
  2 bullfrogs
  A necrophage (D:4)
  A scorpion (D:6)
  7 wights
  Dowan (D:6)
  6 killer bees
  Crazy Yiuf (D:2)
  2 hounds
  A jelly (D:5)
  4 orc priests
  A gnoll bouda (D:7)
  Ijyb (D:5)
  An iguana (D:7)
  7 orc wizards
  Robin (D:2)
  16 gnolls
  11 adders
  2 ufetubi
  2 worms
  A dart slug (D:1)
  42 orcs
  7 endoplasms
  A giant cockroach (D:1)
  17 goblins
  7 hobgoblins
  12 jackals
  5 quokkas
  3 ball pythons
  A bat (D:2)
  2 frilled lizards
  29 kobolds
  7 rats
  A spectral hobgoblin (D:3)
237 creatures vanquished.

Vanquished Creatures (others)
  A kobold (D:5)
  3 plants (D:5)
4 creatures vanquished.

Grand Total: 241 creatures vanquished

Notes
Turn   | Place    | Note
-------+----------+-------------------------------------------
     0 | D:1      | mcbry74 the Minotaur Berserker began the quest for the Orb.
     0 | D:1      | Reached XP level 1. HP: 19/19 MP: 0/0
   188 | D:1      | Reached XP level 2. HP: 15/27 MP: 1/1
   189 | D:1      | Reached skill level 4 in Axes
   852 | D:1      | Reached XP level 3. HP: 27/33 MP: 2/2
  1168 | D:2      | Noticed Robin
  1174 | D:2      | Killed Robin
  1271 | D:2      | Reached ** piety under Trog
  1944 | D:2      | Found a runed translucent door.
  1945 | D:2      | Noticed Crazy Yiuf
  1951 | D:2      | Killed Crazy Yiuf
  1952 | D:2      | Reached XP level 4. HP: 40/40 MP: 3/3
  2249 | D:3      | Found a hide-covered altar of Uskayaw.
  2249 | D:3      | Noticed an ogre
  2349 | D:3      | Noticed Grinder
  2360 | D:3      | Killed Grinder
  2361 | D:3      | Reached skill level 5 in Axes
  2361 | D:3      | Reached XP level 5. HP: 44/47 MP: 4/4
  2361 | D:3      | Reached XP level 6. HP: 51/55 MP: 5/5
  2504 | D:3      | Reached skill level 6 in Axes
  2594 | D:3      | Reached skill level 5 in Fighting
  2737 | D:3      | Found a faded altar of an unknown god.
  3049 | D:3      | Noticed Sigmund
  3055 | D:3      | Killed Sigmund
  3056 | D:3      | Reached skill level 7 in Axes
  3056 | D:3      | Reached skill level 1 in Throwing
  3056 | D:3      | Reached XP level 7. HP: 61/61 MP: 6/6
  3436 | D:4      | Found a burning altar of Makhleb.
  4078 | D:5      | Entered Level 5 of the Dungeon
  4078 | D:5      | Noticed Pikel
  4083 | D:5      | Reached skill level 8 in Axes
  4088 | D:5      | Killed Pikel
  4089 | D:5      | Reached skill level 9 in Axes
  4089 | D:5      | Reached XP level 8. HP: 43/68 MP: 7/7
  4269 | D:5      | Found a bloodstained altar of Trog.
  4293 | D:5      | Noticed Ijyb
  4457 | D:4      | Reached skill level 10 in Axes
  4540 | D:5      | Killed Ijyb
  4810 | D:5      | Found a blossoming altar of Fedhas.
  4931 | D:5      | HP: 1/68 [orc/+0 club (5)]
  5472 | D:5      | Noticed Eustachio
  5749 | D:5      | Killed Eustachio
  5750 | D:5      | Reached skill level 11 in Axes
  5750 | D:5      | Reached skill level 5 in Throwing
  5756 | D:5      | Reached *** piety under Trog
  5961 | D:6      | Reached XP level 9. HP: 72/74 MP: 8/8
  5986 | D:6      | Found a staircase to the Ecumenical Temple.
  6140 | D:6      | Reached skill level 1 in Evocations
  6362 | D:6      | Noticed Dowan
  6390 | D:6      | Killed Dowan
  6839 | D:6      | Noticed Duvessa
  6848 | D:6      | Killed Duvessa
  7023 | D:7      | Found Acoyh's Antique Armour Boutique.
  7070 | D:7      | Reached **** piety under Trog
  7167 | D:7      | Reached skill level 5 in Armour
  7218 | D:7      | Noticed a troll
  7225 | D:7      | Reached skill level 5 in Dodging
  7232 | D:7      | Killed a troll
  7463 | D:7      | Found Mazoiq's Assorted Antiques.
  7518 | D:7      | Reached skill level 12 in Axes
  7704 | D:7      | Found Cisoc's General Store.
  7721 | D:7      | Found Siem's Weapon Shoppe.
  7821 | D:8      | Found a transporter.
  7865 | D:8      | Noticed a two-headed ogre
  7905 | D:8      | Found a flagged portal.
  7922 | Bailey   | Entered a bailey
  8481 | D:8      | Found a transporter.
  8495 | D:8      | Noticed a skeletal warrior
  8502 | D:8      | Noticed a komodo dragon
  8503 | D:8      | Reached XP level 10. HP: 41/81 MP: 9/9
  8676 | D:8      | Noticed a boulder beetle
  8684 | D:8      | Identified the +6 morningstar of the Thirsty Heavens
                  | {vorpal, Contam rPois rF+++ rCorr}
  8732 | D:8      | Noticed Aryth's ghost (novice TrGl)
  8735 | D:8      | Noticed an ice statue
  8866 | D:8      | Found an iron altar of Okawaru.
  8921 | D:8      | Found a staircase to the Lair.
  9510 | D:9      | Noticed an orange demon
  9517 | D:9      | Noticed Maggie
  9517 | D:9      | Noticed Amaemon
  9582 | D:8      | Noticed a manticore
  9582 | D:8      | a tarantella changed into a manticore
  9586 | D:8      | Noticed a harpy
  9624 | D:8      | Killed an orange demon
  9627 | D:8      | a harpy changed into a fire bat
  9707 | D:8      | Noticed a mana viper
  9707 | D:8      | a shapeshifter changed into a mana viper
  9716 | D:8      | Noticed a torpor snail
  9716 | D:8      | a mana viper changed into a torpor snail
  9781 | D:9      | Killed Amaemon
  9786 | D:9      | Killed Maggie
  9973 | D:9      | Identified a scroll of acquirement
  9973 | D:9      | Acquired the +5 executioner's axe "Goblinslayer" {flame,
                  | rPois rCorr}
 10017 | D:9      | Noticed Grum
 10024 | D:9      | Killed Grum
 10028 | D:9      | Reached skill level 13 in Axes
 10029 | D:9      | Reached ***** piety under Trog
 10126 | D:9      | Found a snail-covered altar of Cheibriados.
 10126 | D:9      | Found Cheibriados's Comfort Zone.
 10202 | D:9      | Noticed Erolcha
 10248 | D:9      | Killed Erolcha
 10775 | D:9      | Noticed Maurice
 10894 | D:9      | Mangled by Maurice

Illustrated notes

Levels and vault maps discovered:
D:1:      kennysheep_arrival_seaside, layout_loops_cross,
          minmay_misc_feat_diagonals, minmay_pentomino_v2
D:2:      layout_loops_ring, uniq_crazy_yiuf_cottage, uniq_robin
D:3:      minmay_wonky_spiral, layout_loops_ring, mainiacjoe_overflow_chevrons,
          dreamdust_ecumenical_altar_drowned_temple, uniq_sigmund, uniq_grinder
D:4:      layout_loops_ring, mainiacjoe_overflow_surrounded_room
D:5:      layout_rooms, fedhas_ov_isle_minmay, mainiacjoe_overflow_tiny_flanked,
          hangedman_decor_slide_cut, grunt_ministairs_7, uniq_eustachio,
          uniq_ijyb, uniq_pikel
D:6:      layout_loops_ring, minmay_temple_entry_waves, uniq_duvessa
D:7:      layout_loops_ring, serial_shops, nicolae_shop_trees, shop,
          kennysheep_little_box, nicolae_shop_advertising_works
          [nicolae_subvault_shop_adworks]
D:8:      layout_rooms, mainiacjoe_overflow_alcove_2, lair_entry_dummy,
          enter_bailey_3, nzn_ghost_randoct
D:9:      layout_loops_cross, minmay_shop_chei, chequers_serial_rivers_micro_c,
          uniq_maurice, uniq_amaemon, uniq_maggie, uniq_grum, uniq_erolcha

Skill      XL: |  1  2  3  4  5  6  7  8  9 10 |
---------------+-------------------------------+-----
Axes           | 4 5 7 9 11 12 13 | 13.2
Fighting       | 4 5 6 7 |  7.4
Armour         | 3 4 5 6 |  6.7
Dodging        | 3 4 5 6 |  6.5
Throwing       | 1 3 5 6 |  6.7
Evocations     | 2 3 |  3.9

Action                   |  1- 3 |  4- 6 |  7- 9 | 10-12 || total
-------------------------+-------+-------+-------+-------++-------
Melee: Hand axe          |    75 |    43 |   426 |    48 ||   592
       Dagger            |     7 |       |       |       ||     7
       Headbutt          |     8 |     4 |    61 |    14 ||    87
       Punch             |       |     2 |     9 |     3 ||    14
       Executioner's axe |       |       |       |    42 ||    42
       Unarmed           |       |       |       |    15 ||    15
Throw: Boomerang         |       |     2 |       |    15 ||    17
       Dart              |       |       |    24 |     9 ||    33
Invok: Berserk           |     1 |     2 |     3 |     2 ||     8
       Trog's Hand       |       |     1 |     5 |       ||     6
  Use: Scroll            |     2 |     3 |     5 |     5 ||    15
Armor: Animal skin       |    11 |     4 |    24 |       ||    39
       Plate armour      |       |       |   129 |    51 ||   180
       Skin              |       |       |       |     1 ||     1
Dodge: Dodged            |    49 |    23 |   248 |    71 ||   391
